 Dungeon Crawl Stone Soup version 0.29-a0-322-g68df515428 (webtiles) character file.

Game seed: 14126831196154764462

12431 zazu2006 the Thaumaturge (level 11, -1/83 HPs)
             Began as a Gnoll Hedge Wizard on Apr 6, 2022.
             Was a Priest of Vehumet.
             Killed from afar by a gargoyle (9 damage)
             ... with a stone arrow
             ... on level 10 of the Dungeon.
             The game lasted 00:43:45 (16243 turns).

zazu2006 the Thaumaturge (Gnoll Hedge Wizard)      Turns: 16243, Time: 00:43:45

Health: -1/83      AC:  8    Str: 12    XL:     11   Next: 93%
Magic:  22/24      EV: 14    Int: 15    God:    Vehumet [***...]
Gold:   549        SH:  0    Dex: 12    Spells: 20/29 levels left

rFire   . . .      SeeInvis .   x - +3 scimitar (flame)
rCold   . . .      Faith    .   (no shield)
rNeg    . . .      Spirit   .   n - +0 leather armour
rPois   +          Reflect  .   j - +0 helmet
rElec   .          Harm     .   v - +2 cloak
rCorr   .          Rampage  .   (no gloves)
Will    .....                   (no boots)
Stlth   +++.......              (no amulet)
HPRegen 0.23/turn               k - ring of poison resistance
MPRegen 0.19/turn               w - ring of flight

@: on blink cooldown, flying
A: fangs 1, strong nose, distributed training
a: Renounce Religion


You were on level 10 of the Dungeon.
You worshipped Vehumet.
Vehumet was most pleased with you.
You visited 1 branch of the dungeon, and saw 10 of its levels.
You also visited: Bailey.

You collected 549 gold pieces.

Inventory:

Hand Weapons
 a - a +2 dagger of venom
 t - a +1 falchion of holy wrath
 x - a +3 scimitar of flaming (weapon)
 A - a +0 double sword
Missiles
 C - 3 throwing nets
Armour
 j - a +0 helmet (worn)
 n - a +0 leather armour (worn)
 v - a +2 cloak (worn)
Jewellery
 k - a ring of poison resistance (left hand)
 w - a ring of flight (right hand)
 y - an amulet of guardian spirit
Wands
 b - a wand of polymorph (8)
 c - a wand of iceblast (18)
 m - a wand of flame (9)
 G - a wand of digging (5)
Scrolls
 g - a scroll of enchant weapon {unknown}
 h - a scroll of holy word
 i - 3 scrolls of enchant armour
 l - 4 scrolls of noise
 p - 5 scrolls of teleportation
 r - 4 scrolls of brand weapon
 s - a scroll of summoning
 u - a scroll of fog {unknown}
 z - a scroll of fear {unknown}
 F - 2 scrolls of immolation {unknown}
 H - 2 scrolls of identify
Potions
 d - 2 potions of magic
 e - 5 potions of brilliance
 f - 2 potions of cancellation
 o - 3 potions of degeneration
 q - 2 potions of attraction
Miscellaneous
 D - a piece from Xom's chessboard (15/15)


   Skills:
 + Level 6.7 Fighting
 + Level 6.7 Short Blades
 + Level 6.7 Long Blades
 + Level 6.7 Axes
 + Level 6.7 Maces & Flails
 + Level 6.7 Polearms
 + Level 6.7 Staves
 + Level 6.7 Slings
 + Level 6.7 Bows
 + Level 6.7 Crossbows
 + Level 6.7 Throwing
 + Level 6.7 Armour
 + Level 8.2 Dodging
 + Level 8.0 Stealth
 + Level 6.7 Shields
 + Level 6.7 Unarmed Combat
 + Level 9.9 Spellcasting
 + Level 6.0 Conjurations
 + Level 5.6 Hexes
 + Level 6.0 Summonings
 + Level 5.6 Necromancy
 + Level 6.0 Translocations
 + Level 5.6 Transmutations
 + Level 5.6 Fire Magic
 + Level 5.6 Ice Magic
 + Level 5.6 Air Magic
 + Level 5.6 Earth Magic
 + Level 5.6 Poison Magic
 + Level 7.4 Invocations
 + Level 6.7 Evocations


You had 20 spell levels left.
You knew the following spells:

 Your Spells              Type           Power      Damage    Failure   Level
a - Magic Dart            Conj           100%       1d8       1%          1
b - Mephitic Cloud        Conj/Pois/Air  24%        N/A       1%          3
c - Conjure Flame         Conj/Fire      24%        6-21      1%          3
d - Blink                 Tloc           50%        N/A       1%          2

Your spell library contained the following spells:

 Spells                   Type           Power      Damage    Failure   Level
 Ignite Poison            Fire/Tmut/Pois 24%        N/A       1%          3
 Animate Skeleton         Necr           48%        N/A       1%          1
 Beastly Appendage        Tmut           48%        N/A       1%          1
 Pain                     Necr           96%        1d8       1%          1
 Slow                     Hex            96%        N/A       1%          1
 Call Imp                 Summ           25%        N/A       1%          2
 Wereblood                Tmut           24%        N/A       1%          2
 Call Canine Familiar     Summ           25%        N/A       3%          3
 Gell's Gravitas          Tloc           25%        N/A       3%          3
 Lesser Beckoning         Tloc           25%        N/A       3%          3
 Portal Projectile        Hex/Tloc       48%        N/A       3%          3
 Spider Form              Tmut/Pois      24%        N/A       3%          3
 Teleport Other           Tloc           25%        N/A       3%          3
 Vampiric Draining        Necr           24%        2d7       3%          3
 Lee's Rapid Deconstruct  Erth           12%        3d9*      9%          5
 Leda's Liquefaction      Hex/Erth       12%        N/A       12%         4
 Manifold Assault         Tloc           25%        N/A       28%         5
 Statue Form              Tmut/Erth      16%        N/A       88%         6


Dungeon Overview and Level Annotations

Branches:
Dungeon (10/15)            Temple (0/1) D:7          Bailey (visited)
   Lair: D:8-11         Orc: D:9-12

Altars:
Ashenzari
Dithmenos
Elyvilon
Gozag
Makhleb
Nemelex Xobeh
Ru
Sif Muna
Uskayaw
Vehumet
The Shining One

Annotations:
D:5 2 transporters, Darius099's ghost, amateur GrFi


Innate Abilities, Weirdness & Mutations

You have very sharp teeth.
Your uncanny sense of smell can sniff out nearby items.
Your experience applies equally to all skills.


Message History

The gargoyle is heavily damaged.
The gargoyle hits you with a +0 mace!
You hit the gargoyle. You burn the gargoyle.
The gargoyle is almost destroyed.
The gargoyle hits you with a +0 mace.
You barely miss the gargoyle.
The gargoyle is almost destroyed.
The gargoyle hits you with a +0 mace!
You hit the gargoyle. You burn the gargoyle.
The gargoyle is almost destroyed.
The gargoyle hurls a stone arrow at you.
The stone arrow hits you!
* * * LOW HITPOINT WARNING * * *
You hit the gargoyle but do no damage.
The gargoyle is almost destroyed.
The gargoyle hurls a stone arrow at you.
The stone arrow hits you!
* * * LOW HITPOINT WARNING * * *
You hit the gargoyle but do no damage.
You bite the gargoyle, but do no damage.
The gargoyle is almost destroyed.
The gargoyle hurls a stone arrow at you.
The stone arrow hits you!
* * * LOW HITPOINT WARNING * * *
Okay, then.
Okay, then.
Casting: Mephitic Cloud (safe; 1% risk of failure)
Confirm with . or Enter, or press ? or * to list all spells.
You blink.
Casting: Blink (safe; 1% risk of failure)
Confirm with . or Enter, or press ? or * to list all spells.
Aiming: Magic Dart (safe; 1% risk of failure)
Press: ? - help, Shift-Dir - straight line, f - gargoyle
Aim: a gargoyle, wielding a +0 mace (almost destroyed, 100% to hit)
Okay, then.
Okay, then.
Okay, then.
The gargoyle hurls a stone arrow at you.
The stone arrow hits you!
You die...

...# #......#
##.######....#.##.#
..(.....).......#.# .#
≈≈≈≈≈≈≈≈≈≈≈≈≈≈≈.#.# .# .
≈≈≈≈≈≈≈≈≈≈≈≈≈≈≈.#.# .# ..
#############≈≈.#.# .# ...
........ #≈≈.#.# .##....
........∆ #≈≈.#.# .......
.8...o.. #≈≈.@.###.......
........ #≈≈.....9.......
........ #≈≈....#........
#############≈≈....#.#......
≈≈≈≈≈≈≈≈≈≈≈≈≈≈≈.............
≈≈≈≈≈≈≈≈≈≈≈≈≈≈≈..>..........
.......)..........###.#+###+
#########.........# ..
..................# ###


You could see a gargoyle.

Vanquished Creatures
  Erolcha (D:9)
  A boulder beetle (D:9)
  Harold (D:9)
  Erica (D:9)
  A hydra (D:9)
  Amaemon (D:8)
  2 cyclopes
  Joseph (D:8)
  An elephant (D:10)
  A gargoyle (D:9)
  An orange demon (D:8)
  A komodo dragon (D:7)
  Psyche (D:8)
  A hornet (D:10)
  Grinder (D:3)
  Sigmund (D:4)
  A wyvern (D:9)
  2 basilisks (D:10)
  A steam dragon (D:8)
  A yak (D:10)
  A water moccasin (D:5)
  4 black bears
  2 ogres
  7 orc warriors
  2 sky beasts
  2 ice beasts (D:6)
  4 wolves (Bailey)
  3 centaurs
  A bullfrog (D:9)
  A necrophage (D:6)
  8 gnoll sergeants (Bailey)
  2 scorpions (D:5)
  5 wights (D:10)
  9 killer bees
  An electric eel (D:10)
  5 howler monkeys
  2 jellies
  4 orc priests
  5 gnoll shamans (Bailey)
  5 hounds
  Jessica (D:2)
  Ijyb (D:3)
  Natasha (thrice) (D:3)
  6 iguanas
  9 orc wizards
  5 adders
  17 gnolls (Bailey)
  A shadow imp (D:5)
  2 white imps (D:6)
  3 ufetubi
  2 worms
  4 dart slugs
  33 orcs
  5 endoplasms
  4 giant cockroaches
  9 goblins
  8 hobgoblins
  7 jackals
  12 kobolds
  5 quokkas
  9 ball pythons
  4 bats
  6 frilled lizards
  4 rats (D:1)
255 creatures vanquished.

Vanquished Creatures (others)
  8 plants
8 creatures vanquished.

Grand Total: 263 creatures vanquished

Notes
Turn   | Place    | Note
-------+----------+-------------------------------------------
     0 | D:1      | zazu2006 the Gnoll Hedge Wizard began the quest for the
                  | Orb.
     0 | D:1      | Reached XP level 1. HP: 13/13 MP: 8/8
   149 | D:1      | Reached XP level 2. HP: 19/19 MP: 5/10
   867 | D:1      | Reached XP level 3. HP: 25/25 MP: 8/11
  1370 | D:2      | Reached skill level 1 in Invocations
  1515 | D:2      | Learned a level 3 spell: Mephitic Cloud
  1519 | D:2      | Learned a level 3 spell: Conjure Flame
  1522 | D:2      | Learned a level 2 spell: Blink
  1529 | D:2      | Reached skill level 1 in Fighting
  1529 | D:2      | Reached skill level 1 in Short Blades
  1529 | D:2      | Reached skill level 1 in Long Blades
  1529 | D:2      | Reached skill level 1 in Axes
  1529 | D:2      | Reached skill level 1 in Maces & Flails
  1529 | D:2      | Reached skill level 1 in Polearms
  1529 | D:2      | Reached skill level 1 in Staves
  1529 | D:2      | Reached skill level 1 in Slings
  1529 | D:2      | Reached skill level 1 in Bows
  1529 | D:2      | Reached skill level 1 in Crossbows
  1529 | D:2      | Reached skill level 1 in Throwing
  1529 | D:2      | Reached skill level 1 in Armour
  1529 | D:2      | Reached skill level 1 in Shields
  1529 | D:2      | Reached skill level 1 in Unarmed Combat
  1529 | D:2      | Reached skill level 1 in Evocations
  1584 | D:2      | Found a shimmering blue altar of Sif Muna.
  1671 | D:2      | Reached XP level 4. HP: 27/32 MP: 4/13
  1918 | D:2      | Found a faded altar of an unknown god.
  2239 | D:3      | Noticed Ijyb
  2518 | D:3      | Noticed Jessica
  2527 | D:2      | Killed Jessica
  2528 | D:2      | Reached skill level 1 in Hexes
  2528 | D:2      | Reached skill level 1 in Necromancy
  2528 | D:2      | Reached skill level 1 in Transmutations
  2528 | D:2      | Reached skill level 1 in Fire Magic
  2528 | D:2      | Reached skill level 1 in Ice Magic
  2528 | D:2      | Reached skill level 1 in Air Magic
  2528 | D:2      | Reached skill level 1 in Earth Magic
  2528 | D:2      | Reached skill level 1 in Poison Magic
  2855 | D:3      | Noticed Grinder
  3025 | D:3      | Noticed Natasha
  3070 | D:3      | Killed Natasha
  3071 | D:3      | Reached XP level 5. HP: 28/37 MP: 8/14
  3279 | D:3      | Noticed Natasha
  3321 | D:3      | Killed Natasha
  3325 | D:3      | Killed Ijyb
  3491 | D:3      | Paralysed by Grinder for 5 turns
  3503 | D:3      | Noticed Natasha
  3511 | D:3      | Killed Natasha
  3523 | D:3      | Killed Grinder
  3524 | D:3      | Reached skill level 5 in Dodging
  3524 | D:3      | Reached XP level 6. HP: 13/44 MP: 5/16
  3776 | D:3      | Found a sparkling altar of Nemelex Xobeh.
  4169 | D:4      | Reached XP level 7. HP: 26/51 MP: 5/18
  4901 | D:4      | Found a white marble altar of Elyvilon.
  4918 | D:4      | Reached skill level 5 in Stealth
  5322 | D:4      | Noticed Sigmund
  5343 | D:4      | Killed Sigmund
  5344 | D:4      | Reached XP level 8. HP: 57/57 MP: 9/19
  5952 | D:5      | Entered Level 5 of the Dungeon
  6181 | D:5      | Reached skill level 8 in Spellcasting
  6319 | D:5      | Found a transporter.
  6319 | D:5      | Noticed Darius099's ghost (amateur GrFi)
  6320 | D:5      | Found a burning altar of Makhleb.
  7085 | D:5      | Found a transporter.
  7499 | D:6      | Reached XP level 9. HP: 60/65 MP: 21/21
  7523 | D:6      | Found a shimmering blue altar of Sif Muna.
  8209 | D:6      | Found a sacrificial altar of Ru.
  8404 | D:5      | Found a hide-covered altar of Uskayaw.
  8404 | D:5      | Found an opulent altar of Gozag.
  8458 | D:7      | Found a glowing golden altar of the Shining One.
  8496 | D:7      | Found a radiant altar of Vehumet.
  8514 | D:7      | Became a worshipper of Vehumet
  8632 | D:7      | Found a staircase to the Ecumenical Temple.
  8848 | D:7      | Noticed a komodo dragon
  9591 | D:7      | Killed a komodo dragon
  9658 | D:8      | Noticed Amaemon
  9681 | D:8      | Noticed Joseph
  9703 | D:8      | Killed Joseph
  9704 | D:8      | Reached skill level 5 in Invocations
  9757 | D:8      | Found a shadowy altar of Dithmenos.
  9790 | D:8      | Found a flagged portal.
  9817 | Bailey   | Entered a bailey
  9894 | Bailey   | Reached * piety under Vehumet
  9894 | Bailey   | Offered knowledge of Shock by Vehumet.
  9940 | Bailey   | Reached XP level 10. HP: 29/73 MP: 5/22
 10199 | Bailey   | Reached skill level 5 in Fighting
 10199 | Bailey   | Reached skill level 5 in Short Blades
 10199 | Bailey   | Reached skill level 5 in Long Blades
 10199 | Bailey   | Reached skill level 5 in Axes
 10199 | Bailey   | Reached skill level 5 in Maces & Flails
 10199 | Bailey   | Reached skill level 5 in Polearms
 10199 | Bailey   | Reached skill level 5 in Staves
 10199 | Bailey   | Reached skill level 5 in Slings
 10199 | Bailey   | Reached skill level 5 in Bows
 10199 | Bailey   | Reached skill level 5 in Crossbows
 10199 | Bailey   | Reached skill level 5 in Throwing
 10199 | Bailey   | Reached skill level 5 in Armour
 10199 | Bailey   | Reached skill level 5 in Shields
 10199 | Bailey   | Reached skill level 5 in Unarmed Combat
 10199 | Bailey   | Reached skill level 5 in Evocations
 10587 | Bailey   | Identified the +7 short sword "Mynwih" {vorpal, Fly}
 11576 | D:8      | Reached skill level 9 in Spellcasting
 11698 | D:8      | Noticed an orange demon
 11698 | D:8      | Noticed Psyche
 11716 | D:8      | Killed Psyche
 11734 | D:8      | Killed an orange demon
 11735 | D:8      | Reached skill level 5 in Conjurations
 11735 | D:8      | Reached skill level 5 in Summonings
 11735 | D:8      | Reached skill level 5 in Translocations
 11755 | D:8      | Killed Amaemon
 11755 | D:8      | Offered knowledge of Poisonous Vapours by Vehumet.
 12354 | D:9      | Noticed a cyclops
 12560 | D:9      | Reached ** piety under Vehumet
 12883 | D:9      | Noticed a boulder beetle
 12886 | D:9      | Noticed Harold
 12902 | D:9      | Noticed a gargoyle
 13230 | D:9      | Noticed a six-headed hydra
 13245 | D:9      | Killed a six-headed hydra
 13454 | D:9      | Killed Harold
 13455 | D:9      | Reached XP level 11. HP: 64/81 MP: 21/24
 13734 | D:9      | Found a broken altar of Ashenzari.
 13819 | D:9      | Killed a boulder beetle
 13820 | D:9      | Reached skill level 5 in Hexes
 13820 | D:9      | Reached skill level 5 in Necromancy
 13820 | D:9      | Reached skill level 5 in Transmutations
 13820 | D:9      | Reached skill level 5 in Fire Magic
 13820 | D:9      | Reached skill level 5 in Ice Magic
 13820 | D:9      | Reached skill level 5 in Air Magic
 13820 | D:9      | Reached skill level 5 in Earth Magic
 13820 | D:9      | Reached skill level 5 in Poison Magic
 14056 | D:9      | Noticed Erica
 14078 | D:9      | Killed Erica
 14081 | D:9      | Killed a cyclops
 14089 | D:9      | HP: 4/81 [killer bee (2)]
 14093 | D:9      | Noticed Erolcha
 15097 | D:9      | Killed Erolcha
 15147 | D:10     | Entered Level 10 of the Dungeon
 15329 | D:10     | Paralysed by a hornet for 1 turns
 15491 | D:10     | Noticed a cyclops
 15504 | D:10     | Killed a cyclops
 15604 | D:10     | Offered knowledge of Ignite Poison by Vehumet.
 16073 | D:10     | Reached *** piety under Vehumet
 16243 | D:10     | Killed from afar by a gargoyle

Illustrated notes

Levels and vault maps discovered:
D:1:      erik_arrival_blinker_ship, layout_loops_ring, minmay_misc_feat_plants,
          chequers_serial_rivers_large_b, minmay_misc_feat_roman
D:2:      minmay_wonky_spiral, layout_basic, basic_altar,
          shapermc_ecumenical_altar_totnotflames
D:3:      layout_rooms, nemelex_spade_bored_becter, uniq_ijyb, uniq_jessica,
          uniq_natasha, uniq_grinder
D:4:      layout_loops_ring, lemuel_tele_altar, uniq_sigmund
D:5:      layout_basic, bloody_makhleb, nicolae_overflow_hidden_temple,
          gammafunk_ghost_mausoleum
D:6:      layout_basic, mainiacjoe_overflow_surrounded_room,
          nicolae_ru_path_of_blood, chequers_serial_rivers_micro_e,
          hangedman_decor_points
D:7:      layout_basic, mainiacjoe_overflow_catwalk_spiral,
          minmay_temple_entry_antechambers, minmay_misc_feat_ornament,
          minmay_misc_feat_secret_circle, kennysheep_path_1, minmay_lizard_king
D:8:      layout_loops_corners, mainiacjoe_overflow_catwalk, enter_bailey_5,
          chequers_serial_rivers_room_a, nicolae_straight_to_the_point,
          uniq_psyche, uniq_joseph, uniq_amaemon
D:9:      layout_irregular_city, mainiacjoe_overflow_six_doors_small,
          uniq_erica, uniq_harold, uniq_erolcha
D:10:     layout_basic, mainiacjoe_overflow_big_doors, david_lair_generic,
          erik_orc_2

Skill      XL: |  1  2  3  4  5  6  7  8  9 10 11 |
---------------+----------------------------------+-----
Conjurations   | 2 3 4 5 6 |  6.0
Summonings     | 2 3 4 5 6 |  6.0
Translocations | 2 3 4 5 6 |  6.0
Invocations    | 1 2 3 4 5 6 7 |  7.4
Fighting       | 1 2 3 4 5 6 |  6.7
Short Blades   | 1 2 3 4 5 6 |  6.7
Long Blades    | 1 2 3 4 5 6 |  6.7
Axes           | 1 2 3 4 5 6 |  6.7
Maces & Flails | 1 2 3 4 5 6 |  6.7
Polearms       | 1 2 3 4 5 6 |  6.7
Staves         | 1 2 3 4 5 6 |  6.7
Slings         | 1 2 3 4 5 6 |  6.7
Bows           | 1 2 3 4 5 6 |  6.7
Crossbows      | 1 2 3 4 5 6 |  6.7
Throwing       | 1 2 3 4 5 6 |  6.7
Armour         | 1 2 3 4 5 6 |  6.7
Shields        | 1 2 3 4 5 6 |  6.7
Unarmed Combat | 1 2 3 4 5 6 |  6.7
Evocations     | 1 2 3 4 5 6 |  6.7
Hexes          | 1 2 3 4 5 |  5.6
Necromancy     | 1 2 3 4 5 |  5.6
Transmutations | 1 2 3 4 5 |  5.6
Fire Magic     | 1 2 3 4 5 |  5.6
Ice Magic      | 1 2 3 4 5 |  5.6
Air Magic      | 1 2 3 4 5 |  5.6
Earth Magic    | 1 2 3 4 5 |  5.6
Poison Magic   | 1 2 3 4 5 |  5.6
Dodging        | 5 6 7 8 |  8.2
Stealth        | 5 6 7 8 |  8.0
Spellcasting   | 8 9 |  9.9

Action                   |  1- 3 |  4- 6 |  7- 9 | 10-12 || total
-------------------------+-------+-------+-------+-------++-------
Melee: Dagger            |     5 |       |       |     3 ||     8
       Falchion          |     3 |    27 |   237 |   147 ||   414
       Bite              |       |     3 |    27 |    40 ||    70
       Punch             |       |     1 |     9 |    14 ||    24
       Scimitar          |       |       |       |   120 ||   120
 Cast: Magic Dart        |   102 |   111 |   186 |    89 ||   488
       Mephitic Cloud    |       |     3 |    28 |    60 ||    91
       Blink             |       |       |     1 |     2 ||     3
       Conjure Flame     |       |       |     7 |     7 ||    14
Evoke: Wand              |       |       |    19 |     7 ||    26
  Use: Potion            |       |     2 |     1 |     8 ||    11
       Scroll            |       |       |     9 |     1 ||    10
 Stab: Confused          |       |     5 |     6 |    20 ||    31
       Sleeping          |       |       |     4 |       ||     4
Armor: Robe              |     8 |       |       |       ||     8
       Leather armour    |     1 |     9 |    62 |    89 ||   161
Dodge: Dodged            |    13 |    46 |   181 |   215 ||   455

Table legend: (Time is in decaauts)
 A = Elapsed time spent in this place.
 B = Non-inter-level travel time spent in this place.
 C = Inter-level travel time spent in this place.
 D = Time resting spent in this place.
 E = Time spent auto-exploring this place.
 F = Levels seen in this place.
 G = Mean time per level.
                   A        B        C        D        E       F      G
               +--------+--------+--------+--------+--------+-----+--------+
         Total |  16336 |  16082 |    254 |   3030 |   9651 |  11 | 1485.1 |
       Dungeon |  15001 |  14747 |    254 |   2585 |   9258 |  10 | 1500.1 |
        Bailey |   1335 |   1335 |      0 |    445 |    393 |   1 | 1335.0 |
               +--------+--------+--------+--------+--------+-----+--------+

Top non-repeatable levels by time:
     D:8: 2338 daAuts
     D:4: 2027 daAuts
     D:9: 1835 daAuts
     D:2: 1625 daAuts
     D:5: 1522 daAuts
  Bailey: 1335 daAuts
     D:3: 1213 daAuts
     D:7: 1208 daAuts
     D:1: 1146 daAuts
    D:10: 1102 daAuts
     D:6: 981 daAuts
